 Dungeon Crawl Stone Soup version 0.26-a0-712-ga5a9c9c9d0 (webtiles) character file.

Game seed: 16666669167050400226

2023 ICC the Slicer (level 9, -5/66 HPs)
             Began as a Vine Stalker Fighter on Oct 31, 2020.
             Was an Initiate of Wu Jian.
             Slain by a hornet (9 damage)
             ... on level 6 of the Dungeon.
             The game lasted 00:21:20 (5321 turns).

ICC the Slicer (Vine Stalker Fighter)               Turns: 5321, Time: 00:21:21

Health: -5/66      AC: 24    Str: 16 (19) XL:     9   Next: 23%
Magic:  0/16       EV:  2    Int:  8 (11) God:    Wu Jian [......]
Gold:   327        SH:  5    Dex: 13 (14) Spells: 16/16 levels left

rFire    + . .     SeeInvis .   w - +1 short sword (flame)
rCold    . . .     Faith    .   F - +0 buckler
rNeg     + + +     Spirit   +   (armour currently unavailable)
rPois    +         Reflect  .   (helmet currently unavailable)
rElec    .         Harm     .   (cloak currently unavailable)
rCorr    .         Rampage  .   (gloves currently unavailable)
MR       +....     NoTele   +   (boots currently unavailable)
Stlth    ++........             (no amulet)
HPRegen  0.61/turn              t - ring of stealth
MPRegen  0.15/turn              l - ring of protection from fire

@: tree-form
A: regeneration 1, magic shield, no potion heal 3, rot immunity
a: Renounce Religion


You were on level 6 of the Dungeon.
You worshipped Wu Jian.
Wu Jian was noncommittal.
You were a tree.
You visited 2 branches of the dungeon, and saw 8 of its levels.

You collected 327 gold pieces.

Inventory:

Hand Weapons
 a - a +1 dagger of flaming
 w - a +1 short sword of flaming (weapon)
Missiles
 E - a throwing net (quivered)
Armour
 b - a +0 scale mail (melded)
 c - a +0 kite shield
 C - a +2 helmet (melded)
 F - a +0 buckler (worn)
Jewellery
 l - a ring of protection from fire (right branch)
 t - a ring of stealth (left branch)
Wands
 s - a wand of digging (1)
 y - a wand of random effects (15)
Scrolls
 e - a scroll of fear
 g - a scroll of blinking
 h - a scroll of identify
 i - a scroll of magic mapping
 j - a scroll of teleportation
 k - a scroll of remove curse
 n - 2 scrolls of amnesia
 o - a scroll of fog
 v - a scroll of immolation
 x - a scroll of enchant armour {unknown}
 D - a scroll of brand weapon
Potions
 d - a potion of might
 f - a potion of degeneration
 m - a potion of magic {unknown}
 p - a potion of curing
 q - 2 potions of brilliance {unknown}
 r - 2 potions of stabbing {unknown}
 u - 3 potions of flight {unknown}
 z - a potion of ambrosia {unknown}
 B - 4 potions of heal wounds
 G - a potion of invisibility {unknown}


   Skills:
 - Level 3.0 Fighting
 + Level 8.4 Short Blades
 - Level 3.0 Armour
 - Level 6.0 Shields
 - Level 4.0 Spellcasting


You had 16 spell levels left.
You didn't know any spells.
Your spell library contained the following spells:

 Spells                   Type           Power        Failure   Level
 Sting                    Tmut/Pois      #...         28%         1
 Poisonous Vapours        Pois/Air       #.....       41%         2
 Ignite Poison            Fire/Tmut/Pois #.......     65%         3
 Mephitic Cloud           Conj/Pois/Air  #.......     65%         3
 Olgreb's Toxic Radiance  Pois           #.......     96%         4


Dungeon Overview and Level Annotations

Branches:
Dungeon (7/15)             Temple (1/1) D:7

Altars:
Cheibriados
Gozag
Kikubaaqudgha
Makhleb
Nemelex Xobeh
Okawaru
Sif Muna
Trog
Uskayaw
Vehumet
Wu Jian
Xom
Yredelemnul
Zin
The Shining One

Shops:
D:5 :   D:7 (


Innate Abilities, Weirdness & Mutations

((You have razor-sharp teeth.))
Your natural rate of healing is unusually fast.
When hurt, damage is shared between your health and your magic reserves.
((Your bite disrupts and absorbs the magic of your enemies.))
Potions cannot restore your health.
You are immune to rotting.


Message History

* * * LOW HITPOINT WARNING * * *
You feel yourself slow down.
You hit the hornet but do no damage.
The hornet is heavily wounded.
You block the hornet's attack. The hornet stings you.
* * * LOW HITPOINT WARNING * * *
You barely miss the hornet.
The hornet is heavily wounded.
The hornet stings you.
You barely miss the hornet.
The hornet is heavily wounded.
You feel yourself speed up.
The hornet stings you but does no damage. x2
You hit the hornet. You burn the hornet.
The hornet is severely wounded.
The hornet stings you but does no damage.
You hit the hornet but do no damage.
The hornet is severely wounded.
The hornet stings you!
You die...

........#
#.....#..###..#...###.
.#.....##
##...###..........##.#
###.....####...##
#............## #
##.........### #............##
##....#..## #..>..........#
##..#####.## ##.#####.......#
#...# #..####..# #.......# #
##..## #.......## ###..#..... #
#...# #....♣y#####..........
###...# #...#........###..##..
......## #...#.......## ##.###.
.......#####..........## #.....
.........#............##
##.....
.......................#
#....##
.......................##
#..###
.......#..........###...###...#
......###.........# ##..##....#
#


You could see a hornet.

Vanquished Creatures
  Sigmund (D:5)
  An ice beast (D:5)
  2 phantoms
  3 ogres
  A centaur (D:5)
  Blork the orc (D:6)
  A big kobold (D:6)
  2 gnoll sergeants (D:5)
  3 bullfrog zombies
  6 hounds
  5 orc priests
  A gnoll shaman (D:5)
  A jelly (D:5)
  A bullfrog skeleton (D:5)
  3 iguanas
  2 orc wizards
  2 worker ants
  A worker ant zombie (D:6)
  4 adders
  13 gnolls (D:5)
  A white imp (D:6)
  An ufetubus (D:6)
  3 oozes
  2 adder zombies (D:5)
  3 worms
  2 dart slugs
  2 leopard geckos
  21 orcs
  10 giant cockroaches
  8 goblins
  2 hobgoblins (D:1)
  3 jackals (D:5)
  11 kobolds
  A quokka (D:6)
  2 ball pythons
  8 bats
  A frilled lizard (D:3)
  A quokka skeleton (D:6)
  8 rats
144 creatures vanquished.

Notes
Turn   | Place    | Note
-------+----------+-------------------------------------------
     0 | D:1      | ICC the Vine Stalker Fighter began the quest for the Orb.
     0 | D:1      | Reached XP level 1. HP: 11/11 MP: 2/2
     8 | D:1      | Reached skill level 1 in Spellcasting
    67 | D:1      | Reached XP level 2. HP: 16/16 MP: 3/5
   522 | D:1      | Reached XP level 3. HP: 17/19 MP: 7/7
  1156 | D:2      | Found an ancient bone altar of Kikubaaqudgha.
  1158 | D:2      | Found a glowing golden altar of the Shining One.
  1325 | D:3      | Gained mutation: Your natural rate of healing is unusually
                  | fast. [Vine Stalker growth]
  1325 | D:3      | Reached XP level 4. HP: 21/23 MP: 9/9
  1394 | D:3      | Reached skill level 2 in Short Blades
  1951 | D:4      | Reached XP level 5. HP: 8/28 MP: 6/11
  2644 | D:5      | Entered Level 5 of the Dungeon
  2758 | D:5      | Reached XP level 6. HP: 18/32 MP: 8/12
  2912 | D:5      | Found Rekh's Book Shoppe.
  2954 | D:5      | Reached skill level 3 in Short Blades
  2996 | D:5      | Noticed an ice beast
  3015 | D:5      | Killed an ice beast
  3034 | D:5      | Reached XP level 7. HP: 24/36 MP: 10/14
  3078 | D:5      | Reached skill level 4 in Short Blades
  3164 | D:5      | Noticed Sigmund
  3343 | D:5      | Killed Sigmund
  3343 | D:5      | Reached skill level 5 in Shields
  3422 | D:5      | Gained mutation: You have razor-sharp teeth. [Vine Stalker
                  | growth]
  3422 | D:5      | Reached XP level 8. HP: 36/40 MP: 15/15
  3427 | D:5      | Reached skill level 5 in Short Blades
  3662 | D:5      | Reached skill level 6 in Short Blades
  3935 | D:6      | Found an iron altar of Okawaru.
  3939 | D:6      | Found a radiant altar of Vehumet.
  3942 | D:6      | Found a burning altar of Makhleb.
  3955 | D:6      | Noticed Blork the orc
  3965 | D:6      | Killed Blork the orc
  4168 | D:6      | Reached skill level 7 in Short Blades
  4259 | D:6      | Reached XP level 9. HP: 41/44 MP: 16/16
  4409 | D:6      | Reached skill level 8 in Short Blades
  4958 | D:7      | Found an iron altar of Okawaru.
  4958 | D:7      | Noticed a troll
  4959 | D:7      | Noticed a hornet
  4973 | D:7      | HP: 1/44 [troll (2)]
  5094 | D:7      | Found Raum's Weapon Shop.
  5171 | D:7      | Found a staircase to the Ecumenical Temple.
  5208 | Temple   | Entered the Ecumenical Temple
  5234 | Temple   | Became a worshipper of the Wu Jian Council
  5304 | D:6      | Paralysed by a hornet for 3 turns
  5309 | D:6      | HP: 3/66 [poisoned by a hornet]
  5317 | D:6      | HP: 2/66 [hornet (2)]
  5321 | D:6      | Slain by a hornet

Illustrated notes

Levels and vault maps discovered:
D:1:      onia_arrival_handbag, layout_loops_ring, serial_rivers,
          chequers_serial_rivers_small_3, chequers_serial_rivers_micro_d,
          chequers_serial_rivers_small_a, chequers_serial_rivers_micro_d
D:2:      layout_loops_cross, nicolae_overflow_hidden_temple
D:3:      layout_loops_ring
D:4:      layout_basic, eino_curves_04, minmay_misc_feat_tiny
D:5:      layout_cave_pools, serial_gnoll_camp, gnoll_camp_medium_01,
          gnoll_camp_mini_doghouse, gnoll_camp_mini_hut, gnoll_camp_mini_shop,
          gnoll_camp_mini_hut, uniq_sigmund
D:6:      layout_layer_cave, grunt_temple_overflow_diamond, uniq_blork_the_orc
D:7:      layout_cave_pods, temple_fountains, serial_shops, nicolae_shop_stone,
          chequers_serial_rivers_micro_a, minmay_ruined_shrine
Temple:   nicolae_temple_elliptical

Skill      XL: |  1  2  3  4  5  6  7  8  9 |
---------------+----------------------------+-----
Spellcasting   | 1 2 3 4 |  4.0
Short Blades   | 2 3 4 7 8 |  8.4
Fighting       | 3 |  3.0
Shields        | 3 4 5 6 |  6.0
Armour         | 3 |  3.0

Action                   |  1- 3 |  4- 6 |  7- 9 || total
-------------------------+-------+-------+-------++-------
Melee: Rapier            |    76 |   154 |   320 ||   550
       Bite              |    23 |    77 |   111 ||   211
       Dagger            |       |    82 |     3 ||    85
       Short sword       |       |       |    16 ||    16
Throw: Throwing net      |       |       |     3 ||     3
Evoke: Wand              |       |       |     5 ||     5
  Use: Scroll            |       |       |    11 ||    11
       Potion            |       |       |     4 ||     4
 Stab: Held in net/web   |       |       |     2 ||     2
Armor: Scale mail        |    32 |    80 |    87 ||   199
       Skin              |       |       |     8 ||     8
Dodge: Dodged            |    42 |    71 |   104 ||   217
Block: Kite shield       |     6 |   105 |    56 ||   167
       Buckler           |       |       |    50 ||    50

Table legend: (Time is in decaauts)
 A = Elapsed time spent in this place.
 B = Non-inter-level travel time spent in this place.
 C = Inter-level travel time spent in this place.
 D = Time resting spent in this place.
 E = Time spent auto-exploring this place.
 F = Levels seen in this place.
 G = Mean time per level.
                   A        B        C        D        E       F      G
               +--------+--------+--------+--------+--------+-----+--------+
         Total |   5323 |   5017 |    306 |     17 |   3683 |   8 |  665.4 |
       Dungeon |   5273 |   4990 |    283 |     17 |   3661 |   7 |  753.3 |
        Temple |     49 |     26 |     23 |      0 |     22 |   1 |   49.0 |
               +--------+--------+--------+--------+--------+-----+--------+

Top non-repeatable levels by time:
     D:6: 1289 daAuts
     D:5: 1005 daAuts
     D:1: 859 daAuts
     D:4: 805 daAuts
     D:3: 620 daAuts
     D:2: 465 daAuts
     D:7: 228 daAuts
  Temple: 49 daAuts
